 Dungeon Crawl Stone Soup version 0.18-a0-1147-g8e8348b (webtiles) character file.

62 st0uf the Ruffian (level 3, -6/28 HPs)
             Began as a Draconian Transmuter on Jan 23, 2016.
             Killed from afar by a white imp (11 damage)
             ... with a puff of frost
             ... summoned by Natasha
             ... on level 4 of the Dungeon.
             The game lasted 00:07:32 (1275 turns).

st0uf the Ruffian (Draconian Transmuter)            Turns: 1275, Time: 00:07:34

Health: -6/28      AC:  2    Str: 12    XL:     3   Next: 85%
Magic:  4/6        EV: 19    Int: 14    God:    Xom [...*..]
Gold:   37         SH:  0    Dex: 16    Spells: 3 memorised, 0 levels left

rFire  . . .     SeeInvis .       - Unarmed
rCold  . . .     Gourm    .     (armour unavailable)
rNeg   . . .     Faith    .     (shield currently unavailable)
rPois  x         Spirit   .     (helmet currently unavailable)
rElec  .         Dismiss  .     (cloak currently unavailable)
rCorr  .         Reflect  .     (gloves currently unavailable)
SustAt .         Harm     .     (boots currently unavailable)
MR     .....                    (no amulet)
Stlth  +.........               (no ring)
                                (no ring)

@: spider-form (expiring), very slightly contaminated, drained, not resistant to
hostile enchantments, very unstealthy
A: unfitting armour, (cold-blooded), AC +5
a: End Transformation, Renounce Religion


You were on level 4 of the Dungeon.
You worshipped Xom.
You were a favourite toy of Xom.
You were near starving.
You were a venomous arachnid creature.
You visited 1 branch of the dungeon, and saw 4 of its levels.

You collected 37 gold pieces.

Inventory:

Missiles
 a - 12 arrows
Armour
 e - a +0 pair of gloves (melded)
Jewellery
 l - an uncursed amulet of harm
Wands
 k - a wand of random effects (39/48)
 n - a wand of invisibility (2/9)
Scrolls
 d - a scroll of enchant weapon {unknown}
 h - a scroll of identify {unknown}
 j - a scroll of fear {unknown}
Potions
 f - a potion of magic {unknown}
 i - 2 potions of heal wounds {unknown}
 p - a potion of agility {unknown}
Books
 b - a book of Changes

   Spells                             Type                      Level
   a - Beastly Appendage              Transmutation                1
   b - Sticks to Snakes               Transmutation                2
   c - Spider Form                    Transmutation/Poison         3
   d - Ice Form                       Ice/Transmutation            4
   e - Blade Hands                    Transmutation                5
Comestibles
 c - 3 bread rations
 g - a meat ration
 m - 6 chunks of flesh
 o - 4 fruits


   Skills:
 - Level 1.1(0.4) Fighting
 + Level 2.1(1.4) Dodging
 + Level 3.8(3.0) Unarmed Combat
 - Level 2.0(1.2) Spellcasting
 * Level 3.2(2.4) Transmutations


You couldn't memorise any spells.
You knew the following spells:

 Your Spells              Type           Power        Failure   Level  Hunger
a - Beastly Appendage     Trmt           #.....       28%         1    ##.....
b - Sticks to Snakes      Trmt           #.......     36%         2    ###....
c - Spider Form           Trmt/Pois      #.........   69%         3    ####...


Dungeon Overview and Level Annotations

Branches:
Dungeon (4/15)
 Temple: D:4-7

Altars:
Cheibriados
Xom

Annotations:
D:3 Grinder, Jessica
D:4 Dowan, Duvessa, Natasha


Innate Abilities, Weirdness & Mutations

((Your plain brown scales are hard (AC +5).))
Your body does not fit into most forms of armour.
((You are cold-blooded and may be slowed by cold attacks.))


Message History

* * * LOW HITPOINT WARNING * * *
The white imp freezes you.
* * * LOW HITPOINT WARNING * * *
You hit Natasha but do no damage.
Natasha looks even sicker.
Natasha is moderately wounded.
Natasha closely misses you. The white imp barely misses you.
You barely miss Natasha.
Natasha is heavily wounded.
Natasha misses you.
You hit Natasha.
Natasha is heavily wounded.
Your transformation is almost over.
You feel yourself slow down. The white imp completely misses you.
You hit Natasha.
Natasha is severely wounded.
Natasha completely misses you. The white imp gestures at you.
The puff of frost hits you!
You die...
Xom titters!

####### #....?########
+.....#........
#.....#...S....
#.....#.......
#.....#.....#
#.....#.....#######
#....s#...........#
#...5h+...........#
.!....$a#...........#
........#...........#
........#..........#####
........#+######...#....
.......... #...#....
.......... #...#....
......... #...#....


You could see a worker ant, Natasha and a white imp.

Vanquished Creatures
  A worker ant (D:4)
  A worm (D:2)
  A giant gecko (D:1)
  3 bats (D:1)
  A giant cockroach (D:1)
  8 goblins
  2 hobgoblins (D:2)
  6 kobolds
  A quokka (D:3)
  4 giant newts
  5 rats
33 creatures vanquished.

Notes
Turn   | Place    | Note
--------------------------------------------------------------
     0 | D:1      | st0uf the Draconian Transmuter began the quest for the Orb.
     0 | D:1      | Reached XP level 1. HP: 16/16 MP: 3/3
   144 | D:1      | Reached XP level 2. HP: 23/23 MP: 3/5
   689 | D:2      | Found a shimmering altar of Xom.
   698 | D:2      | Became a worshipper of Xom of Many Doors
   793 | D:2      | Found a snail-covered altar of Cheibriados.
   826 | D:2      | Reached XP level 3. HP: 18/28 MP: 4/6
   934 | D:2      | Learned a level 2 spell: Sticks to Snakes
   938 | D:2      | Learned a level 3 spell: Spider Form
  1034 | D:2      | XOM: silly message
  1110 | D:3      | Noticed Jessica
  1155 | D:3      | Noticed Grinder
  1197 | D:4      | Noticed Dowan
  1199 | D:4      | Noticed Duvessa
  1205 | D:4      | XOM: potion effect (magic)
  1214 | D:4      | XOM: potion effect (haste)
  1219 | D:4      | XOM: harmless Conj miscast
  1221 | D:4      | XOM: silly message
  1266 | D:4      | Noticed Natasha
  1275 | D:4      | Killed from afar by a white imp

Vault maps used:
D:1:      mrwooster_arrival_statue_3
D:2:      xom_butterflies, cheibriados_altar_1, hex_large
D:3:      first_bread, uniq_jessica, uniq_grinder
D:4:      nicolae_ru_the_path_less_chosen, nicolae_ossuary_entry_monument,
          uniq_natasha, uniq_duvessa

Action                   || total
-------------------------++-------
Melee: Unarmed           ||    96
 Cast: Beastly Appendage ||    21
       Spider Form       ||     1
 Stab: Sleeping          ||     1
  Eat: Chunk             ||     1
